 Dungeon Crawl Stone Soup version 0.17-a0-848-g7e5c6af (webtiles) character file.

1221261 oplop the Petrodigitator (level 27, -1/188 HPs)
             Began as a Gargoyle Earth Elementalist on Apr 26, 2015.
             Was the Champion of Cheibriados.
             Killed from afar by a Brimstone Fiend (37 damage)
             ... with a blast of hellfire
             ... on level 7 of Gehenna on Apr 27, 2015.
             The game lasted 09:18:36 (104145 turns).

oplop the Petrodigitator (GrEE)                   Turns: 104145, Time: 09:18:36

Health: -1/188     AC: 77    Str: 36    XL:     27
Magic:  7/63       EV: 21    Int: 51    God:    Cheibriados [******]
Gold:   10766      SH: 22    Dex: 30    Spells: 15 memorised, 19 levels left

rFire  + + +     SeeInvis +     c - staff of energy
rCold  + + +     Clarity  +     u - +12 gold dragon armour
rNeg   + . .     SustAb   +     P - +5 shield {reflect}
rPois  ∞         Gourm    .     L - +2 hat
rElec  +         Spirit   .     X - +1 cloak {MR+}
rCorr  +         Warding  .     k - +2 pair of gloves {Dex+3}
rMut   .         Stasis   .     l - +2 pair of boots "Dajaj" {Int+4}
MR     +++..                    o - amulet of Birdsong {rCorr rElec rPois rF++ Stlth+}
Stlth  ..........               j - ring "Tuh Quall" {rPois rC+ Str+6 Int+4}
                                T - ring "Unaigah" {SustAb MP+9 Int+4}

@: about to teleport, flying, studying Conjurations, very slow, extremely
resistant to hostile enchantments, extremely unstealthy
A: antennae 1, big wings, fangs 1, iridescent scales 1, see invisible, berserk
1, clarity, cold resistance 1, negative energy resistance 1, electricity
resistance, slow healing 1, wild magic 1, unbreathing, evolution 1,
petrification resistance, rot immunity, AC +20
a: Stop Flying, Bend Time, Temporal Distortion, Slouch, Step From Time, Renounce
Religion
}: 12/15 runes: decaying, serpentine, slimy, silver, iron, bone, abyssal,
demonic, glowing, magical, fiery, dark


You were on level 7 of Gehenna.
You worshipped Cheibriados.
Cheibriados was exalted by your worship.
You were not hungry.

You visited 16 branches of the dungeon, and saw 86 of its levels.
You visited Pandemonium 2 times, and saw 12 of its levels.
You visited the Abyss 1 time.
You visited 1 ziggurat, and saw 22 of its levels.
You also visited: Labyrinth, Ossuary, Ice Cave, Volcano and Wizlab.

You collected 11895 gold pieces.
You spent 1129 gold pieces at shops.

Inventory:

Hand weapons
 a - a +9 demon whip of electrocution
 e - a +0 vampiric eveningstar
 h - the +4 Staff of Dispater
   (You took it off Dispater on level 7 of the Iron City of Dis)
Missiles
 I - 1904 stones (quivered)
Armour
 k - a +2 pair of gloves of dexterity (worn)
 l - the +2 pair of boots "Dajaj" (worn) {Int+4}
   (You found it on level 19 of a ziggurat)

   It affects your intelligence (+4).
 u - a +12 gold dragon armour (worn)
 L - a +2 hat (worn)
 P - a +5 shield of reflection (worn)
 X - a +1 cloak of magic resistance (worn)
Magical staves
 b - an uncursed staff of wizardry
 c - an uncursed staff of energy (weapon)
Jewellery
 j - the ring "Tuh Quall" (right hand) {rPois rC+ Str+6 Int+4}
   (You took it off a hell knight on level 3 of the Depths)

   [ring of poison resistance]

   It affects your strength (+6).
   It affects your intelligence (+4).
   It protects you from cold.
   It protects you from poison.
 o - the amulet of Birdsong (around neck) {rCorr rElec rPois rF++ Stlth+}
   (You took it off a hobgoblin on level 10 of the Dungeon)

   [amulet of resist corrosion]

   It protects you from acid and corrosion.
   It greatly protects you from fire.
   It insulates you from electricity.
   It protects you from poison.
   It makes you more stealthy.
 s - the ring "Cedwosmarob" {rPois rF+ MR+ Int+3 SInv}
   (You found it on level 1 of the Vaults)

   [ring of protection from magic]

   It affects your intelligence (+3).
   It protects you from fire.
   It protects you from poison.
   It affects your resistance to hostile enchantments.
   It enhances your eyesight.
 Q - an uncursed amulet of resist mutation
 T - the ring "Unaigah" (left hand) {SustAb MP+9 Int+4}
   (You found it on level 15 of a ziggurat)

   [ring of sustain abilities]

   It sustains your strength, intelligence and dexterity.
   It affects your intelligence (+4).
   It affects your magic capacity (+9).
Magical devices
 K - a wand of heal wounds (0)
 N - a wand of digging (9)
 W - a wand of teleportation (3)
Scrolls
 g - 17 scrolls of identify
 i - 29 scrolls of teleportation
 m - 43 scrolls of remove curse
 r - 5 scrolls of magic mapping
 t - 10 scrolls of blinking
 z - 4 scrolls of silence
 C - 10 scrolls of recharging
 D - 8 scrolls of fog
 E - 4 scrolls of immolation
 R - 6 scrolls of enchant weapon
 U - 3 scrolls of brand weapon
Potions
 f - 33 potions of curing
 p - 6 potions of magic
 q - a potion of heal wounds
 w - 6 potions of agility
 A - 2 potions of might
 B - 2 potions of invisibility
 M - 14 potions of brilliance
 V - 3 potions of resistance
 Y - 9 potions of restore abilities
Books
 n - a manual of Conjurations
Comestibles
 d - 37 bread rations


   Skills:
 + Level 23.0 Fighting
 - Level 12.5 Maces & Flails
 O Level 27 Armour
 - Level 13.2 Dodging
 - Level 2.1 Stealth
 - Level 15.0 Shields
 O Level 27 Spellcasting
 - Level 17.4 Conjurations
 - Level 8.0 Charms
 - Level 6.3 Translocations
 - Level 0.7 Transmutations
 - Level 7.7 Air Magic
 O Level 27 Earth Magic
 + Level 24.3 Invocations
 * Level 18.3 Evocations


You had 19 spell levels left.
You knew the following spells:

 Your Spells              Type           Power        Failure   Level  Hunger
a - Sandblast             Erth           ######       1%          1    None
b - Stoneskin             Trmt/Erth      ########     1%          2    None
c - Stone Arrow           Conj/Erth      ######       1%          3    None
d - Petrify               Trmt/Erth      ########     1%          4    None
e - Lee's Rapid Deconstr  Erth           #########.   1%          5    None
f - Passwall              Trmt/Erth      ########..   1%          3    None
g - Phase Shift           Tloc           ########..   4%          5    None
h - Iron Shot             Conj/Erth      #########.   1%          6    None
i - Blink                 Tloc           N/A          1%          2    None
j - Apportation           Tloc           ########..   1%          1    None
k - Passage of Golubria   Tloc           N/A          2%          4    None
l - Shatter               Erth           #########.   7%          9    None
m - Deflect Missiles      Chrm/Air       ########..   9%          6    None
n - Orb of Destruction    Conj           #########.   2%          7    None
o - Regeneration          Chrm/Necr      ########..   2%          3    None


Dungeon Overview and Level Annotations

Branches:
Dungeon (15/15)            Temple (1/1) D:7            Lair (8/8) D:9
  Swamp (5/5) Lair:6        Snake (5/5) Lair:5        Slime (6/6) Lair:8
    Orc (4/4) D:12            Elf (3/3) Orc:3        Vaults (5/5) D:13
  Crypt (3/3) Vaults:3       Tomb (0/3) Crypt:3      Depths (5/5) D:15
   Hell (1/1)                 Dis (7/7) Hell            Geh (7/7) Hell
    Coc (0/7) Hell            Tar (7/7) Hell            Zot (4/5) Depths:5

Altars:
Ashenzari
Cheibriados
Dithmenos
Elyvilon
Fedhas
Gozag
Kikubaaqudgha
Makhleb
Nemelex Xobeh
Okawaru
Qazlal
Ru
Sif Muna
Trog
Vehumet
Xom
Yredelemnul
Zin
The Shining One
Beogh
Jiyva

Shops:
D:9 !   D:10 [   D:11 [   D:12 (   Orc:4 *(}%   Vaults:1 *   Depths:2 *=

Portals:
Hell: Lair:8 Depths:1 Depths:2 Depths:3 Depths:4 Depths:5
Abyss: Depths:1 Depths:3 Depths:4 Depths:5
Pandemonium: Depths:3 Depths:5
Ziggurat: Depths:3

Annotations:
Geh:7 Asmodeus


Innate Abilities, Weirdness & Mutations

You are resistant to torment.
Your stone body is resilient (AC +20).
You are immune to poison.
Your large and strong wings let you fly indefinitely.
You resist negative energy.
You are resistant to electric shocks.
You can survive without breathing.
You are immune to petrification.
You are immune to rotting.
You have a pair of small antennae on your head.
You have very sharp teeth.
You are partially covered in iridescent scales (AC +4).
You have supernaturally acute eyesight.
You tend to lose your temper in combat.
You possess an exceptional clarity of mind.
Your flesh is cold resistant.
You heal slowly when monsters are visible.
Your spells are a little harder to cast, but a little more powerful.
You evolve.


Message History

The iron dragon skeleton tramples you but does no damage.
The Brimstone Fiend completely misses you.
The Brimstone Fiend hits you.
* * * LOW HITPOINT WARNING * * *
The Brimstone Fiend completely misses you. "Leave now, before it is too late!" 2 hell hounds and a salamander come into view.
Unknown command.
The hell hound barks!
The smoke demon gestures at you. Something smites you!
* * * LOW HITPOINT WARNING * * *
You block the vampire's attack. x2
The Brimstone Fiend gestures at you.
The hellfire explodes!
The blast of hellfire engulfs the iron dragon skeleton.
The blast of hellfire engulfs the vampire.
The blast of hellfire engulfs the Brimstone Fiend.
The Brimstone Fiend completely resists.
The blast of hellfire engulfs you!
You die...

,,,,#...≈≈§≈≈≈≈§.h,,,,,,*
,,,,#...≈≈≈≈§≈§......,,**
,,,,*,,,,≈≈§§≈§§......,*
,,,,*,,,,≈§≈§≈§≈.....,,*
*****,,,,≈≈§≈≈≈..hh.,,,*
,,,,*,,,.≈≈≈≈≈.....,,,**
,,,,*,,,.§§§≈≈..8.#,,**
,,,,*,,,.≈≈≈≈..§..#***
*+*+*,,..≈§§..§V@.##
,,,,,,,.≈≈§≈..3.Z..#**
,,,,,≈≈§§§≈≈≈..1§..#,**
,,,,,≈≈≈§§§§§9.§......#*
,,,,≈≈≈≈≈§§.§.§........*
,,,≈≈≈≈≈§.N.§..##......**
≈≈≈≈≈≈≈≈§.....9**.....,,*
≈≈≈≈≈≈≈≈≈,N....,,....,,,*
≈≈≈≈≈≈≈≈≈≈,....,,...,,,,*


You could see an iron golem, a Brimstone Fiend, a salamander, a smoke demon, a
vampire, 2 molten gargoyles, 3 hell hounds and an iron dragon skeleton.

Vanquished Creatures
  Cerebov (Pan)
  the royal jelly (Slime:6)
  Ereshkigal (Tar:7)
  Gloorx Vloq (Pan)
  Mnoleg (Pan)
  Lom Lobon (Pan)
  Dispater (Dis:7)
  An ancient lich (Crypt:3)
  An orb of fire (Zot:1)
  Sojobo (Depths:3)
  Saint Roka (Orc:4)
  Vashnia (Snake:5)
  A curse toe (Zot:2)
  4 Killer Klowns
  Geryon (Hell)
  Nikola (Elf:2)
  Jory (Vaults:4)
  12 golden dragons
  3 profane servitors
  9 bone dragons
  Xtahua (Crypt:2)
  10 pandemonium lords
  An electric golem (Zot:1)
  18 Brimstone Fiends
  11 liches
  Jorgrun (Swamp:5)
  21 tentacled monstrosities
  7 titans
  11 Hell Sentinels
  4 Ice Fiends (Dis:7)
  A deep elf master archer (Elf:3)
  5 deep elf blademasters
  7 quicksilver dragons
  16 Shadow Fiends
  Murray (Hell)
  5 sphinxes
  16 acid blobs
  3 tentacled starspawn
  14 ancient champions
  37 Executioners
  7 thorn hunters
  5 tengu reavers
  11 storm dragons
  2 sphinxes (shapeshifter) (Zig:14)
  7 shadow dragons
  Roxanne (Elf:3)
  21 greater nagas
  7 draconian monks
  9 azure jellies
  5 fire giants
  Wiglaf (Vaults:2)
  8 revenants
  12 deep elf sorcerers
  Donald (Swamp:3)
  A frost giant (shapeshifter) (Zig:14)
  Maud (D:13)
  5 draconian knights
  15 vault wardens
  3 daevas
  An iron dragon (shapeshifter) (Zig:14)
  5 iron dragons
  41 cacodemons
  4 draconian scorchers
  34 ghost moths
  8 draconian zealots
  11 frost giants
  7 curse skulls
  16 balrugs
  2 emperor scorpions
  6 ghouls
  An angel (Pan)
  7 orc warlords (Zig:17)
  16 war gargoyles
  8 draconian shifters
  10 draconian annihilators
  24 very ugly things
  13 vampire knights
  7 blood saints (Pan)
  The ghost of Zooty the Summoner, a powerful HaSu of Makhleb (Lair:8)
  A caustic shrike skeleton (Crypt:2)
  14 ironheart preservers
  93 reapers
  14 salamander firebrands
  18 stone giants
  5 corrupters (Pan)
  4 draconian callers
  7 deep elf demonologists
  4 green draconians
  8 black draconians
  Azrael (Orc:4)
  4 chaos champions (Pan)
  7 deep elf annihilators
  7 red draconians
  9 yellow draconians
  7 purple draconians
  9 lorocyprocas
  A dire elephant (shapeshifter) (Zig:11)
  7 white draconians
  A dire elephant (Lair:8)
  5 mottled draconians
  7 eidola
  2 crystal guardians (Zig:4)
  Snorg (Lair:5)
  12 death oozes (Slime:6)
  14 ettins
  20 green deaths
  13 deep elf death magi
  11 rakshasas
  14 blizzard demons
  21 fire dragons
  29 vault guards
  A minotaur (Lab)
  19 yaktaur captains
  Josephine (Orc:4)
  4 quicksilver dragon zombies
  16 great orbs of eyes
  A spectral kraken (Tar:7)
  8 deep elf high priests
  23 jiangshi
  12 entropy weavers
  A fire dragon (shapeshifter) (Zig:11)
  A quicksilver dragon skeleton (Tar:3)
  33 hydras
  5 death cobs
  19 ice dragons
  25 naga warriors
  A monstrous demonspawn (Pan)
  A caustic shrike simulacrum (Depths:2)
  8 death knights
  An anaconda (shapeshifter) (Zig:11)
  3 spriggan air magi
  Erica (D:8)
  A hydra (shapeshifter) (WizLab)
  A satyr (Abyss:3)
  6 salamander stormcallers
  Erolcha (D:13)
  21 dancing weapons
  5 ghost crabs
  72 large abominations
  16 ogre magi
  18 anacondas
  A spectral fire giant (Crypt:3)
  An alligator (shapeshifter) (Zig:14)
  12 alligators
  4 tengu warriors
  12 centaur warriors
  7 deep troll shamans
  6 titan zombies
  6 deep troll earth magi
  11 hell hogs
  12 vampire magi
  3 hell beasts
  9 orc high priests
  A shock serpent (shapeshifter) (Vaults:5)
  8 spriggan berserkers
  26 sun demons
  Urug (D:14)
  11 deep elf knights
  16 shock serpents
  32 naga sharpshooters
  4 iron golems
  37 soul eaters
  8 thrashing horrors
  9 salamander mystics
  3 titan skeletons
  2 fire crabs (shapeshifter)
  138 skeletal warriors
  4 wretched stars
  10 iron trolls
  9 unseen horrors
  21 small abominations
  6 storm dragon zombies
  3 fire crabs
  15 ice devils
  6 gelid demonspawn (Pan)
  A spatial maelstrom (Abyss:3)
  6 storm dragon skeletons
  5 death drakes
  8 sea snakes (Snake:5)
  5 anaconda zombies
  4 ball lightnings (Pan)
  4 infernal demonspawn (Pan)
  12 shadow wraiths
  6 shambling mangroves
  4 golden dragon zombies
  12 swamp dragons
  15 naga ritualists
  2 deathcaps (Zot:2)
  4 spriggan druids
  13 deep elf summoners
  14 giant orange brains
  27 hell knights
  9 necromancers
  6 putrid demonspawn (Pan)
  17 shadow demons
  29 flayed ghosts
  2 death drakes (shapeshifter)
  5 spectral hydras (Swamp:5)
  A giant orange brain (shapeshifter) (Zig:11)
  4 ice statues
  26 phantasmal warriors
  4 anaconda skeletons
  3 shadow dragon zombies
  32 deep trolls
  15 ironbrand convokers
  6 torturous demonspawn (Pan)
  8 wizards
  2 golden dragon skeletons
  13 hill giants
  A lindwurm (D:13)
  19 mana vipers
  2 cyclopes (shapeshifter)
  29 wolf spiders
  3 shining eyes
  4 wolf spider zombies
  5 harpies
  2 orb spiders (shapeshifter)
  2 manticores (shapeshifter)
  19 deep elf conjurers
  19 orc knights
  5 stone giant zombies
  7 fire giant zombies
  2 iron dragon zombies
  56 ugly things
  A spectral ettin (Crypt:3)
  2 water nymphs (Abyss:3)
  10 frost giant zombies
  A hornet (shapeshifter) (WizLab)
  2 shadow dragon skeletons
  3 oklob plants (Zig:10)
  A water nymph (shapeshifter) (Elf:2)
  7 orc sorcerers
  11 griffons
  3 draconians (shapeshifter)
  37 salamanders
  20 hornets
  12 cyclopes
  A shining eye (shapeshifter) (Depths:2)
  A spectral alligator (Hell)
  A salamander (shapeshifter) (WizLab)
  2 centaur zombies
  A shock serpent zombie (Dis:5)
  25 orb spiders
  2 iron dragon skeletons
  8 worldbinders
  2 apocalypse crabs
  17 vault sentinels
  19 elephants
  5 frost giant skeletons
  A fire giant skeleton (Geh:1)
  12 guardian serpents
  4 stone giant skeletons
  A draconian skeleton (Zig:21)
  52 rust devils
  38 sixfirhies
  4 dire elephant zombies
  A gargoyle (D:13)
  4 eyes of devastation
  29 moths of wrath
  60 black mambas
  2 torpor snails (Zig:22)
  56 smoke demons
  An eye of devastation (shapeshifter) (WizLab)
  15 hellions
  47 orange demons
  26 naga magi
  2 orange crystal statues (Depths:4)
  8 molten gargoyles (Geh:7)
  An octopode (shapeshifter) (Depths:2)
  2 shock serpent skeletons
  A siren (Geh:1)
  A storm dragon simulacrum (Vaults:2)
  2 black mambas (shapeshifter) (WizLab)
  3 guardian serpents (shapeshifter)
  A komodo dragon (shapeshifter) (WizLab)
  An elf (shapeshifter) (D:10)
  54 hellwings
  A catoblepas zombie (Dis:7)
  6 spectral swamp worms (Tar:7)
  4 dire elephant skeletons
  26 spiny frogs
  4 anaconda simulacra
  8 efreet
  65 yaktaurs
  2 emperor scorpion zombies
  9 kobold demonologists
  A golden dragon simulacrum (IceCv)
  An elf (WizLab)
  4 swamp worm zombies (Swamp:5)
  36 tormentors
  2 spectral merfolk (Depths:4)
  A ghost moth simulacrum (Hell)
  19 deep elf priests
  6 ancient zymes
  A fire drake (shapeshifter) (Vaults:2)
  A purple draconian skeleton (Pan)
  37 red devils
  6 fire drakes
  24 freezing wraiths
  2 harpy zombies (Dis:5)
  14 giant leeches
  18 demonic crawlers
  17 komodo dragons
  9 hydra zombies
  3 minotaur zombies
  3 queen bees (shapeshifter)
  5 silent spectres
  2 trolls (shapeshifter)
  10 wandering mushrooms
  A wind drake (Zot:4)
  16 blue devils
  15 trolls
  27 two-headed ogres
  A polar bear (Depths:3)
  A wolf spider simulacrum (IceCv)
  The ghost of Viceroy the Skirmisher, an average DsWn (D:5)
  2 fire vortices
  Grinder (D:5)
  3 harpy skeletons
  Prince Ribbit (D:8)
  19 jumping spiders
  7 baby alligators
  33 blink frogs
  6 hydra skeletons
  3 polar bears (shapeshifter)
  99 slime creatures
  A two-headed ogre (shapeshifter) (Vaults:2)
  7 boulder beetles
  6 alligator zombies
  13 bog bodies
  6 ice dragon zombies
  A moth of wrath zombie (Crypt:2)
  An ettin zombie (Tar:7)
  17 ravens
  2 spectral swamp dragons (Swamp:5)
  11 raiju
  6 fire dragon zombies
  A baby alligator (shapeshifter) (WizLab)
  12 spriggans
  2 blink frogs (shapeshifter)
  31 trapdoor spiders
  A stone giant simulacrum (Crypt:3)
  4 ettin skeletons
  A human simulacrum (Vaults:1)
  3 alligator skeletons
  128 flying skulls
  24 fire elementals
  22 ynoxinuls
  41 shadows
  3 ice dragon skeletons
  A yak (shapeshifter) (WizLab)
  10 air elementals
  A griffon skeleton (Crypt:1)
  23 tarantellas
  16 vampires
  35 redbacks
  A redback (shapeshifter) (Depths:2)
  2 tarantellas (shapeshifter)
  A black mamba zombie (Geh:5)
  3 fire dragon skeletons
  63 yaks
  A fire bat (shapeshifter) (Vaults:5)
  3 golden eyes (Slime:6)
  A fire bat (Volcano)
  12 water elementals
  3 dire elephant simulacra (IceCv)
  53 wraiths
  A queen ant zombie (Crypt:1)
  28 deep elf fighters
  A basilisk (shapeshifter) (WizLab)
  2 wyverns
  5 harpy simulacra (IceCv)
  6 basilisks
  2 black mamba skeletons
  2 hogs (Volcano)
  A hog (shapeshifter) (Vaults:4)
  76 nagas
  Grum (D:8)
  27 chaos spawn
  An iron troll simulacrum (IceCv)
  17 hippogriffs
  10 wargs
  25 deep elf magi
  5 hungry ghosts
  34 neqoxecs
  A steam dragon (Zot:4)
  A human (WizLab)
  41 vampire mosquitoes
  19 swamp worms
  4 mottled dragons
  A catoblepas simulacrum (Crypt:3)
  A soldier ant (D:13)
  A wolf (shapeshifter) (WizLab)
  23 wolves
  27 insubstantial wisps
  2 spectral trolls (Depths:4)
  A spiny frog zombie (Dis:6)
  43 hell hounds
  A naga (shapeshifter) (WizLab)
  32 water moccasins
  A deep dwarf (shapeshifter) (Vaults:4)
  16 porcupines
  An infernal demonspawn skeleton (Crypt:1)
  20 swamp drakes
  2 hydra simulacra (IceCv)
  An ice beast (shapeshifter) (WizLab)
  8 swamp dragon zombies
  8 spiders
  A merfolk skeleton (Crypt:2)
  8 phantoms
  A black bear (D:7)
  52 orc warriors
  4 sky beasts
  10 eyes of draining
  2 manticore zombies
  5 ice beasts
  62 ogres
  A sky beast (shapeshifter) (WizLab)
  A black bear (shapeshifter) (WizLab)
  A lindwurm zombie (Crypt:1)
  5 snapping turtle zombies
  14 wasps
  An alligator simulacrum (IceCv)
  8 boggarts
  14 necrophages
  An elephant skeleton (Crypt:1)
  2 boring beetles (shapeshifter) (WizLab)
  3 lost souls
  24 crocodiles
  2 manticore skeletons
  A spriggan simulacrum (Depths:2)
  3 snapping turtle skeletons
  The ghost of Hanyuu the Insei, an average OpTm (D:3)
  2 boring beetles
  21 centaurs
  3 brain worms
  2 brain worms (shapeshifter)
  5 big kobolds
  A wyvern zombie (Crypt:1)
  2 elf zombies (Ossuary)
  26 giant frogs
  2 spiny frog simulacra
  A deep troll simulacrum (Vaults:3)
  A water moccasin skeleton (D:4)
  A wyvern skeleton (D:9)
  3 spectral nagas (Depths:4)
  4 spectral ogres (Depths:4)
  8 scorpions
  5 killer bees
  4 lava snakes (Lab)
  3 electric eels
  2 spectral centaurs
  3 draconian simulacra (IceCv)
  83 wights
  16 crimson imps
  6 hounds
  4 quasits
  A wolf skeleton (Crypt:2)
  3 giant frog zombies
  36 starcursed masses
  12 iguanas
  5 human zombies
  38 orc priests
  27 orc wizards
  25 jellies
  31 iron imps
  A polar bear simulacrum (IceCv)
  4 centaur skeletons
  4 troll simulacra (IceCv)
  4 hell rats
  A lightning spire (Zig:11)
  9 worker ants
  41 sheep
  A worker ant (shapeshifter) (Vaults:1)
  6 centaur simulacra
  A big kobold zombie (Ossuary)
  A naga zombie (Geh:1)
  A wolf simulacrum (IceCv)
  A hound zombie (D:10)
  A hound skeleton (D:9)
  13 mummies
  A worker ant zombie (D:11)
  3 naga simulacra (IceCv)
  12 gnolls
  A scorpion zombie (Crypt:2)
  9 adders
  64 river rats
  12 shadow imps
  26 white imps
  7 giant eyeballs
  35 ufetubi
  An ooze (shapeshifter) (Depths:2)
  2 adder zombies
  An ooze (D:5)
  A sheep zombie (Crypt:2)
  5 worms
  An adder skeleton (D:4)
  A halfling skeleton (Crypt:2)
  A worm (shapeshifter) (Elf:3)
  4 giant geckos
  216 orcs
  17 bats
  25 goblins
  26 hobgoblins
  15 jackals
  8 quokkas
  A ball python (D:2)
  4 giant cockroaches
  A giant gecko zombie (D:6)
  3 giant newts
  A giant spore (D:9)
  A goblin skeleton (Crypt:1)
  A goblin zombie (Ossuary)
  2 jackal zombies (Ossuary)
  28 kobolds
  A kobold skeleton (Crypt:1)
  3 kobold zombies
  An orc zombie (D:5)
  A quokka skeleton (Crypt:1)
  17 rats
  5 ballistomycetes
  7 briar patches (Abyss:3)
  5 crawling corpses
  9 fungi
  7 plants
  2 starspawn tentacles (Abyss:3)
5800 creatures vanquished.

Vanquished Creatures (others)
  A deep elf master archer (Elf:3)
  An Executioner (Pan)
  A Shadow Fiend (Tar:7)
  A draconian knight (Zig:21)
  A ghost moth (Zig:20)
  An ironheart preserver (Vaults:1)
  A draconian annihilator (Pan)
  A deep elf annihilator (Pan)
  A blizzard demon (Pan)
  2 green deaths (Pan)
  5 yaktaur captains
  2 rakshasas (Pan)
  An alligator (Zig:18)
  5 naga sharpshooters
  A titan skeleton (Pan)
  A soul eater (Pan)
  A deep elf knight (Elf:2)
  A wizard (Pan)
  An unseen horror (D:14)
  23 ball lightnings (Pan)
  A giant orange brain (Abyss:3)
  A torturous demonspawn (Pan)
  A mana viper (Snake:5)
  A wolf spider (shapeshifter) (Zig:11)
  A shadow dragon skeleton (Pan)
  A vault sentinel (Vaults:2)
  A fire giant skeleton (Geh:2)
  A smoke demon (Pan)
  A shock serpent skeleton (Pan)
  A dire elephant skeleton (Pan)
  14 yaktaurs
  4 hellwings (Pan)
  A fire vortex (Geh:3)
  An alligator zombie (Swamp:5)
  3 slime creatures
  A deep elf mage (Elf:3)
  A wraith (Dis:1)
  A black mamba skeleton (Pan)
  2 deep elf fighters
  3 large abominations (Pan)
  5 insubstantial wisps (Swamp:5)
  3 swamp drakes
  A snapping turtle skeleton (Geh:2)
  A swamp dragon skeleton (Geh:2)
  4 centaurs
  9 lost souls
  A spriggan skeleton (Pan)
  An iron imp (Dis:6)
  A centaur skeleton (Geh:7)
  A white imp (IceCv)
  4 ufetubi
  2 giant spores
  A lurking horror (Zig:1)
  A briar patch (Swamp:3)
  11 fungi
  11 plants
  8 tentacles (Tar:7)
  457 tentacle segments (Tar:7)
615 creatures vanquished.

Grand Total: 6415 creatures vanquished

Notes
Turn   | Place    | Note
--------------------------------------------------------------
     0 | D:1      | oplop, the Gargoyle Earth Elementalist, began the quest for the Orb.
     0 | D:1      | Reached XP level 1. HP: 10/10 MP: 3/3
   309 | D:1      | Reached XP level 2. HP: 15/15 MP: 3/5
   388 | D:1      | Reached skill level 4 in Earth Magic
   485 | D:1      | Found a shattered altar of Ashenzari.
   906 | D:2      | Found a stormy altar of Qazlal.
  1018 | D:2      | Reached XP level 3. HP: 19/19 MP: 1/7
  1765 | D:3      | Noticed a phantom
  1811 | D:3      | Reached XP level 4. HP: 13/24 MP: 8/8
  2030 | D:3      | Found a burning altar of Makhleb.
  2034 | D:3      | Found a glowing silver altar of Zin.
  2034 | D:3      | Noticed an angel
  2034 | D:3      | Noticed a green death
  2085 | D:3      | Reached skill level 5 in Earth Magic
  2192 | D:3      | Noticed Hanyuu's ghost (average OpTm)
  2398 | D:3      | Reached skill level 1 in Maces & Flails
  2426 | D:3      | Killed Hanyuu's ghost
  2426 | D:3      | Reached XP level 5. HP: 25/28 MP: 10/10
  2660 | D:3      | Reached XP level 6. HP: 22/32 MP: 11/11
  2672 | D:3      | Learned a level 3 spell: Stone Arrow
  2675 | D:3      | Learned a level 2 spell: Stoneskin
  2928 | D:4      | Reached skill level 6 in Earth Magic
  3133 | D:4      | Identified the Guide on Stones and the Snowflakes
  3414 | D:4      | Reached XP level 7. HP: 35/37 MP: 13/13
  3555 | D:5      | Entered Level 5 of the Dungeon
  3787 | D:5      | Reached skill level 1 in Fighting
  3930 | D:5      | Found a sand-covered staircase.
  3956 | Ossuary  | Entered an ossuary
  3976 | Ossuary  | Reached skill level 7 in Earth Magic
  4056 | Ossuary  | Reached skill level 1 in Armour
  4118 | Ossuary  | Reached skill level 5 in Spellcasting
  4301 | Ossuary  | Reached XP level 8. HP: 40/44 MP: 15/15
  4417 | D:5      | Noticed Viceroy's ghost (average DsWn)
  4603 | D:5      | Found a sparkling altar of Nemelex Xobeh.
  5775 | D:5      | Noticed Grinder
  6066 | D:6      | Reached skill level 8 in Earth Magic
  6265 | D:6      | Found a bloodstained altar of Trog.
  6540 | D:6      | Reached XP level 9. HP: 29/51 MP: 17/18
  6714 | D:6      | Found an opulent altar of Gozag.
  6870 | D:7      | Found a staircase to the Ecumenical Temple.
  6888 | Temple   | Entered the Ecumenical Temple
  7042 | D:7      | Reached skill level 9 in Earth Magic
  7047 | D:7      | Gained mutation: Your flesh is cold resistant. [mutagenic meat]
  7048 | D:7      | Gained mutation: You are partially covered in iridescent scales (AC +4). [mutagenic meat]
  7049 | D:7      | Gained mutation: Your spells are a little harder to cast, but a little more powerful. [mutagenic meat]
  7511 | D:7      | Got a smoking spear
  7514 | D:7      | Identified the cursed +1 spear "Utess" {drain, Str+4} (You found it on level 7 of the Dungeon)
  7763 | D:8      | Noticed Grum
  7771 | D:7      | Reached skill level 5 in Maces & Flails
  7793 | D:7      | Reached skill level 5 in Fighting
  7793 | D:7      | Reached XP level 10. HP: 41/59 MP: 21/21
  8386 | D:5      | Paralysed by Grinder for 4 turns
  8391 | D:5      | Killed Grinder
  8391 | D:5      | Reached skill level 10 in Earth Magic
  8456 | D:5      | Killed Viceroy's ghost
  8488 | D:6      | Learned a level 4 spell: Petrify
  8494 | D:6      | Learned a level 5 spell: Lee's Rapid Deconstruction
  8538 | D:8      | Noticed Prince Ribbit
  8544 | D:8      | Killed Prince Ribbit
  8544 | D:8      | Reached skill level 5 in Armour
  8693 | D:8      | Killed Grum
  8761 | D:8      | Noticed Erica
  8774 | D:8      | Killed Erica
  8787 | D:8      | You fall through a shaft for 2 floors!
  8787 | D:10     | Entered Level 10 of the Dungeon
  9013 | D:9      | Found Renloas's Distillery.
  9034 | D:9      | Bought a potion of mutation for 27 gold pieces
  9034 | D:9      | Bought a potion of curing for 33 gold pieces
  9034 | D:9      | Bought a potion of curing for 33 gold pieces
  9034 | D:9      | Bought a potion of curing for 33 gold pieces
  9034 | D:9      | Bought a potion of curing for 33 gold pieces
  9035 | D:9      | Gained mutation: You are agile. (Dex +2) [potion of beneficial mutation]
  9058 | D:9      | Found a glowing silver altar of Zin.
  9127 | D:9      | Reached skill level 11 in Earth Magic
  9151 | D:9      | Found a shimmering altar of Xom.
  9151 | D:9      | Found a snail-covered altar of Cheibriados.
  9152 | D:9      | Found a deep blue altar of Sif Muna.
  9173 | D:9      | Found a blossoming altar of Fedhas.
  9210 | D:9      | Reached XP level 11. HP: 62/64 MP: 14/23
  9302 | D:9      | Became a worshipper of Cheibriados the Contemplative
  9338 | D:9      | Found a staircase to the Lair.
  9377 | D:9      | Reached skill level 1 in Invocations
  9528 | D:9      | Acquired Cheibriados's first power
  9822 | D:9      | Found a glowing golden altar of the Shining One.
  9855 | D:9      | Found a white marble altar of Elyvilon.
  9856 | D:9      | Found a sacrificial altar of Ru.
 10252 | Lair:1   | Entered Level 1 of the Lair of Beasts
 10456 | Lair:1   | Noticed a six-headed hydra
 10462 | Lair:1   | Killed a six-headed hydra
 10500 | Lair:1   | Found a dark tunnel.
 10552 | Lair:1   | Learned a level 3 spell: Passwall
 10557 | Volcano  | Entered a volcano
 11648 | Lair:2   | Reached skill level 5 in Invocations
 12152 | Lair:2   | Acquired Cheibriados's second power
 12877 | Lair:3   | Reached XP level 12. HP: 72/72 MP: 24/25
 13417 | Lair:3   | Acquired Cheibriados's third power
 13706 | Lair:4   | Noticed a six-headed hydra
 13708 | Lair:4   | Killed a six-headed hydra
 13894 | Lair:4   | Acquired Cheibriados's fourth power
 14697 | Lair:5   | Reached skill level 1 in Conjurations
 14793 | Lair:5   | Found a staircase to the Snake Pit.
 14798 | Lair:5   | Reached skill level 12 in Earth Magic
 14830 | Lair:5   | Reached XP level 13. HP: 44/79 MP: 26/26
 15284 | Lair:5   | Noticed Snorg
 15292 | Lair:5   | Killed Snorg
 15582 | Lair:5   | Reached skill level 10 in Invocations
 15952 | Lair:6   | Found a labyrinth entrance.
 15962 | Lab      | Entered a labyrinth
 16517 | Lab      | Noticed a minotaur
 16525 | Lab      | Killed a minotaur
 16561 | Lab      | Identified a +1 rod of ignition (11/11) (You found it in a labyrinth)
 16909 | Lair:6   | Found a staircase to the Swamp.
 17105 | Lair:6   | Reached skill level 5 in Conjurations
 17173 | Lair:6   | Reached skill level 10 in Maces & Flails
 17931 | Lair:7   | Gained mutation: Your large and strong wings let you fly indefinitely. [Gargoyle growth]
 17931 | Lair:7   | Reached XP level 14. HP: 84/84 MP: 27/27
 18505 | Lair:1   | Learned a level 2 spell: Repel Missiles
 18679 | Lair:8   | Entered Level 8 of the Lair of Beasts
 19332 | Lair:8   | Found a viscous altar of Jiyva.
 19333 | Lair:8   | Found a staircase to the Slime Pits.
 19575 | Lair:8   | Noticed Zooty's ghost (powerful HaSu)
 19792 | Lair:8   | Reached skill level 10 in Conjurations
 19821 | Lair:8   | Found a burning altar of Makhleb.
 19839 | Lair:8   | Found a gateway to Hell.
 19851 | Lair:8   | Identified Enimycio's Papyrus of Torrid Battle Magic
 20172 | Lair:8   | Killed Zooty's ghost
 20419 | Lair:1   | Learned a level 6 spell: Iron Shot
 20471 | D:10     | Killed an unseen horror
 20471 | D:10     | Reached skill level 10 in Spellcasting
 20601 | D:10     | Found a runed door.
 20605 | D:10     | Found a runed door.
 20859 | D:10     | Noticed a brown ugly thing
 20862 | D:10     | Killed a brown ugly thing
 21059 | D:10     | Reached skill level 13 in Earth Magic
 21094 | D:10     | Got a clouded ruby amulet
 21096 | D:10     | Identified the amulet of Birdsong {rCorr rElec rPois rF++ Stlth+} (You took it off a hobgoblin on level 10 of the Dungeon)
 21159 | D:10     | Reached XP level 15. HP: 87/89 MP: 28/29
 21302 | D:10     | Found Pihed's Armour Shoppe.
 21798 | D:11     | Found Oxkudghe's Antique Armour Shoppe.
 21801 | D:11     | Bought a pair of glowing boots for 121 gold pieces
 22352 | D:11     | Reached skill level 1 in Air Magic
 22698 | D:12     | Reached skill level 1 in Shields
 22838 | D:12     | Found Notud's Weapon Shop.
 22841 | D:12     | Found a staircase to the Orcish Mines.
 23617 | D:13     | Noticed Erolcha
 23620 | D:13     | Killed Erolcha
 23735 | D:13     | Noticed Maud
 23739 | D:13     | Killed Maud
 23860 | D:13     | Reached skill level 5 in Shields
 24108 | D:13     | Found a gate to the Vaults.
 24181 | D:13     | Found a shadowy altar of Dithmenos.
 24647 | D:14     | Reached skill level 10 in Fighting
 24713 | D:14     | Noticed Urug
 24721 | D:14     | Killed Urug
 24972 | D:14     | Reached XP level 16. HP: 90/97 MP: 30/30
 25314 | D:15     | Entered Level 15 of the Dungeon
 25392 | D:15     | Found a staircase to the Depths.
 25775 | D:15     | Reached skill level 5 in Dodging
 26094 | Orc:1    | Entered Level 1 of the Orcish Mines
 26701 | Orc:3    | Found a roughly hewn altar of Beogh.
 26942 | Orc:3    | Found a staircase to the Elven Halls.
 27370 | Orc:4    | Entered Level 4 of the Orcish Mines
 27511 | Orc:4    | Noticed Josephine
 27531 | Orc:4    | Killed Josephine
 27718 | Orc:4    | Found Coetyank's General Store.
 27718 | Orc:4    | Found Deduot Robio's Food Shoppe.
 27718 | Orc:4    | Found Nelais's Weapon Emporium.
 27894 | Orc:4    | Found Catwo's Gadget Shoppe.
 27918 | Orc:4    | Bought a +1 helmet of see invisible for 264 gold pieces
 27919 | Orc:4    | Bought a +2 demon whip of freezing for 585 gold pieces
 28035 | Orc:4    | Noticed Azrael
 28049 | Orc:4    | Killed Azrael
 28291 | Orc:4    | Noticed Saint Roka
 28581 | Orc:3    | Upgraded the game from 0.17-a0-802-g1f09329 to 0.17-a0-848-g7e5c6af
 28803 | D:11     | Reached skill level 10 in Shields
 29096 | Swamp:1  | Entered Level 1 of the Swamp
 29385 | Swamp:1  | Found a radiant altar of Vehumet.
 30493 | Swamp:3  | Noticed a thorn hunter
 30501 | Swamp:3  | Killed a thorn hunter
 30603 | Swamp:3  | Noticed Donald
 30623 | Swamp:3  | Killed Donald
 30623 | Swamp:3  | Reached XP level 17. HP: 89/103 MP: 28/32
 30751 | Swamp:3  | Noticed a thorn hunter
 30773 | Swamp:3  | Killed a thorn hunter
 31095 | Swamp:3  | Noticed a thorn hunter
 31099 | Swamp:3  | Killed a thorn hunter
 31534 | Swamp:4  | Reached skill level 14 in Earth Magic
 31629 | Swamp:4  | Noticed a tentacled monstrosity
 31639 | Swamp:4  | Killed a tentacled monstrosity
 32040 | Swamp:5  | Entered Level 5 of the Swamp
 32462 | Swamp:5  | Noticed Mara
 32475 | Swamp:5  | Noticed oplop's illusion
 32915 | Swamp:5  | Noticed Jorgrun
 32934 | Swamp:5  | Killed Jorgrun
 33441 | Swamp:5  | Noticed a bone dragon
 33451 | Swamp:5  | Killed a bone dragon
 33602 | Swamp:5  | Got a decaying rune of Zot
 33915 | Snake:1  | Entered Level 1 of the Snake Pit
 33925 | Snake:1  | Reached XP level 18. HP: 81/108 MP: 31/34
 33925 | Snake:1  | Reached skill level 10 in Armour
 35584 | Snake:2  | Found a stormy altar of Qazlal.
 36354 | Snake:3  | Found a glowing golden altar of the Shining One.
 36690 | Snake:3  | Identified a scroll of acquirement
 37413 | Snake:4  | Reached skill level 15 in Shields
 38124 | Snake:4  | Reached XP level 19. HP: 113/113 MP: 35/35
 38266 | Snake:5  | Entered Level 5 of the Snake Pit
 38671 | Snake:5  | Noticed Vashnia
 38677 | Snake:5  | Killed Vashnia
 40145 | Snake:5  | Reached XP level 20. HP: 110/119 MP: 37/37
 40240 | Snake:5  | Got a serpentine rune of Zot
 40840 | Orc:4    | Killed Saint Roka
 41106 | Lair:1   | Learned a level 2 spell: Blink
 41362 | Lair:1   | Gained mutation: You have a pair of small antennae on your head. [potion of beneficial mutation]
 41548 | Elf:1    | Entered Level 1 of the Elven Halls
 41619 | Elf:1    | Found a frozen archway.
 41657 | Elf:1    | Reached skill level 1 in Translocations
 41663 | IceCv    | Entered an ice cave
 43395 | Elf:2    | Found a runed gate.
 43396 | Elf:2    | Found a runed gate.
 43396 | Elf:2    | Found a runed gate.
 43925 | Elf:2    | Reached skill level 5 in Translocations
 44084 | Elf:2    | Noticed Nikola
 44088 | Elf:2    | Killed Nikola
 44332 | Elf:3    | Entered Level 3 of the Elven Halls
 44425 | Elf:3    | Noticed Roxanne
 44429 | Elf:3    | Killed Roxanne
 45075 | Elf:3    | Reached XP level 21. HP: 124/124 MP: 16/39
 45477 | Elf:3    | Identified Suoshymm's Reference Book on Contamination
 45522 | Elf:3    | Got a fabulously ornate robe
 45533 | Elf:3    | Identified the cursed -5 robe of Misfortune {-Cast Contam *Tele EV-4 Str-2 Int-2 Dex-2 Stlth-- Curse} (You found it on level 3 of the Elven Halls)
 45550 | Elf:3    | Got a translucent helmet
 45552 | Elf:3    | Identified Arus's Handbook of Freezing Conjuration
 45613 | Elf:3    | Identified the Grimoire of the Snowflakes
 45623 | Elf:3    | Got a transparent flail
 45624 | Elf:3    | Identified the +10 flail "Jacamuf" {crush, rF+ rC+} (You found it on level 3 of the Elven Halls)
 46168 | Elf:1    | Reached skill level 15 in Invocations
 46414 | Lair:1   | Learned a level 1 spell: Apportation
 46578 | Vaults:1 | Entered Level 1 of the Vaults
 46726 | Vaults:1 | Reached skill level 15 in Earth Magic
 46876 | Vaults:1 | Found Ypuczac's Assorted Antiques.
 47201 | Vaults:1 | Got a twitching glass ring
 47203 | Vaults:1 | Identified the ring "Cedwosmarob" {rPois rF+ MR+ Int+3 SInv} (You found it on level 1 of the Vaults)
 47720 | Vaults:1 | Reached skill level 15 in Spellcasting
 48238 | Vaults:2 | Reached skill level 16 in Earth Magic
 48335 | Vaults:2 | Reached XP level 22. HP: 105/135 MP: 28/41
 48590 | Vaults:2 | Noticed Wiglaf
 48596 | Vaults:2 | Killed Wiglaf
 49699 | Vaults:3 | Found an iron altar of Okawaru.
 50110 | Vaults:3 | Reached skill level 17 in Earth Magic
 50679 | Vaults:3 | Found a staircase to the Crypt.
 50823 | Vaults:4 | Noticed Jory
 50829 | Vaults:4 | Killed Jory
 51490 | Vaults:4 | Reached XP level 23. HP: 141/141 MP: 43/43
 51579 | Vaults:4 | Found an iron altar of Okawaru.
 52044 | Vaults:4 | Got an ichor-stained mace
 52048 | Vaults:4 | Identified the +4 mace "Haigug" {vamp, rPois rF+ rC++ Stlth+} (You took it off an orc on level 4 of the Vaults)
 52620 | Lair:1   | Identified the +0 helmet of the Five Seas {+Fly rN+ MR+ Dex+4} (You found it on level 3 of the Elven Halls)
 52829 | Depths:1 | Entered Level 1 of the Depths
 52865 | Depths:1 | Reached skill level 10 in Dodging
 52866 | Depths:1 | Reached skill level 18 in Earth Magic
 52968 | Depths:1 | Found a one-way gate to the infinite horrors of the Abyss.
 53153 | Depths:1 | Found a shimmering altar of Xom.
 53555 | Depths:2 | Found Huerph's Jewellery Shop.
 54594 | Depths:2 | Found Facud Roibuv's General Store.
 54829 | Depths:2 | Reached skill level 19 in Earth Magic
 55016 | Depths:3 | Reached XP level 24. HP: 147/147 MP: 38/44
 55229 | Depths:3 | Found a gateway to a ziggurat.
 55241 | Depths:3 | Noticed Sojobo
 55246 | Depths:3 | Killed Sojobo
 55385 | Depths:3 | Found a one-way gate leading to the halls of Pandemonium.
 55633 | Depths:3 | Got a warped amber ring
 55646 | Depths:3 | Identified the ring "Tuh Quall" {rPois rC+ Str+6 Int+4} (You took it off a hell knight on level 3 of the Depths)
 56342 | Depths:4 | Reached skill level 20 in Earth Magic
 56604 | Depths:4 | Reached skill level 15 in Armour
 57054 | Depths:4 | Paralysed by a giant eyeball for 2 turns
 57064 | Depths:4 | Reached XP level 25. HP: 113/152 MP: 45/45
 57282 | Depths:5 | Entered Level 5 of the Depths
 57343 | Depths:5 | Reached XP level 26. HP: 130/157 MP: 5/45
 57459 | Depths:5 | Found a gate to the Realm of Zot.
 57992 | Depths:5 | Found an ancient bone altar of Kikubaaqudgha.
 58239 | Hell     | Entered the Vestibule of Hell
 58239 | Hell     | Noticed Geryon
 58246 | Hell     | Killed Geryon
 58246 | Hell     | Reached skill level 21 in Earth Magic
 58715 | Lair:1   | Learned a level 4 spell: Passage of Golubria
 59148 | Crypt:1  | Entered Level 1 of the Crypt
 59224 | Crypt:1  | Found a magical portal.
 59237 | WizLab   | Entered Cigotuvi's Fleshworks
 59579 | WizLab   | Paralysed by a giant eyeball for 4 turns
 59594 | WizLab   | Paralysed by a giant eyeball for 4 turns
 59611 | WizLab   | Paralysed by a giant eyeball for 3 turns
 59617 | WizLab   | Paralysed by a giant eyeball for 3 turns
 59624 | WizLab   | Paralysed by a giant eyeball for 4 turns
 60078 | WizLab   | Identified Cigotuvi's Tome of Transformation and Evil Arts
 60081 | WizLab   | Identified the Disquisition on Changing
 60235 | Crypt:1  | Gained mutation: Your spells are harder to cast, but more powerful. [potion of beneficial mutation]
 60238 | Crypt:1  | Gained mutation: You possess an exceptional clarity of mind. [potion of beneficial mutation]
 60239 | Crypt:1  | Gained mutation: You evolve. [potion of beneficial mutation]
 61014 | Crypt:2  | Reached XP level 27. HP: 111/162 MP: 14/46
 61015 | Crypt:2  | Noticed Xtahua
 61197 | Crypt:2  | Killed Xtahua
 61197 | Crypt:2  | Reached skill level 22 in Earth Magic
 61274 | Crypt:2  | Found an ancient bone altar of Kikubaaqudgha.
 61559 | Crypt:3  | Entered Level 3 of the Crypt
 61875 | Crypt:3  | Found a basalt altar of Yredelemnul.
 62159 | Crypt:3  | Identified Lehudib's Almanac of Arcane Weapons and the Birds
 62864 | Crypt:3  | Identified the Disquisition on Dark Rites
 62869 | Crypt:3  | Got a shimmering bone amulet
 62870 | Crypt:3  | Identified the amulet "Ibo Loci" {Ward -Tele +Inv rC++ rN+ Int+2} (You found it on level 3 of the Crypt)
 62872 | Crypt:3  | Got a serpentine bone ring
 62874 | Crypt:3  | Identified the ring of Beauty {rN+ Str+5 Int+3} (You found it on level 3 of the Crypt)
 62914 | Crypt:3  | Noticed an ancient lich
 62921 | Crypt:3  | Killed an ancient lich
 63052 | Crypt:3  | Found a staircase to the Tomb.
 63742 | Lair:1   | Learned a level 9 spell: Shatter
 64031 | Slime:1  | Entered Level 1 of the Pits of Slime
 64086 | Slime:1  | Reached skill level 23 in Earth Magic
 64953 | Slime:6  | Entered Level 6 of the Pits of Slime
 65519 | Slime:6  | Found a viscous altar of Jiyva.
 65587 | Slime:6  | Noticed the royal jelly
 65603 | Slime:6  | Killed the royal jelly
 65934 | Slime:6  | Identified a +2 rod of the swarm (9/9) (You found it on level 6 of the Pits of Slime)
 65968 | Slime:6  | Got a scorched copper ring
 65969 | Slime:6  | Identified the ring "Robluaho" {Wiz Dex+5} (You found it on level 6 of the Pits of Slime)
 66007 | Slime:6  | Got a crude lead amulet
 66008 | Slime:6  | Identified the amulet of Internal Strife {Stasis +Inv rPois rF+ Int+4} (You found it on level 6 of the Pits of Slime)
 66011 | Slime:6  | Got a slimy rune of Zot
 66687 | Zot:1    | Entered Level 1 of the Realm of Zot
 67566 | Zot:1    | Noticed an orb of fire
 67573 | Zot:1    | Killed an orb of fire
 68048 | Zot:2    | Reached skill level 24 in Earth Magic
 70637 | D:13     | You are sucked into a shaft for 2 floors!
 71039 | Vaults:5 | Entered Level 5 of the Vaults
 71119 | Vaults:5 | Reached skill level 25 in Earth Magic
 72511 | Vaults:5 | Got a silver rune of Zot
 72626 | Vaults:5 | Got a fine plate armour
 72627 | Vaults:5 | Identified the +8 plate armour "Ugoilulo" {Int+4} (You found it on level 5 of the Vaults)
 75196 | Lair:1   | Got a polished plate armour
 75207 | Lair:1   | Identified the +1 plate armour of Vlad {Int+2} (You acquired it on level 1 of the Lair of Beasts)
 75247 | Lair:1   | Learned a level 6 spell: Deflect Missiles
 75605 | Depths:3 | Reached skill level 1 in Charms
 75640 | Pan      | Entered Pandemonium
 75944 | Pan      | Found an exit through the horrors of the Abyss.
 76102 | Pan      | Reached skill level 5 in Air Magic
 76297 | Pan      | Reached skill level 5 in Charms
 76302 | Pan      | Noticed Fefura Zeapt the pandemonium lord
 76306 | Pan      | Killed Fefura Zeapt the pandemonium lord
 76752 | Pan      | Got a demonic rune of Zot
 76792 | Pan      | Found an exit through the horrors of the Abyss.
 76920 | Pan      | Noticed Nizihoass the pandemonium lord
 77575 | Pan      | Entered the realm of Lom Lobon.
 77694 | Pan      | Found an exit through the horrors of the Abyss.
 78156 | Pan      | Reached skill level 26 in Earth Magic
 78488 | Pan      | Noticed Lom Lobon
 79806 | Pan      | Got a magical rune of Zot
 80595 | Pan      | Found an exit through the horrors of the Abyss.
 81044 | Pan      | Entered the realm of Mnoleg.
 81044 | Pan      | Noticed Mnoleg
 81343 | Pan      | Identified the Compendium of Transmutation and Summoning
 81429 | Pan      | Gained mutation: You heal slowly when monsters are visible. [a cacodemon]
 81492 | Pan      | Reached skill level 15 in Fighting
 82044 | Pan      | Gained mutation: You have very sharp teeth. [potion of beneficial mutation]
 82424 | Pan      | Found an exit through the horrors of the Abyss.
 82536 | Pan      | Paralysed by a giant eyeball for 3 turns
 82542 | Pan      | Paralysed by a giant eyeball for 3 turns
 82922 | Pan      | Paralysed by a giant eyeball for 2 turns
 82928 | Pan      | Killed Mnoleg
 82950 | Pan      | Got a glowing rune of Zot
 83583 | Pan      | Took an exit into the Abyss.
 83583 | Abyss:1  | Escaped into the Abyss
 83978 | Abyss:1  | Paralysed by accursed screaming for 1 turns
 84001 | Abyss:1  | Got a smoking buckler
 84048 | Abyss:1  | Identified the +1 buckler "Xotan" {+Blink rC+++ Int-3 Slay-4} (You found it on level 1 of the Abyss)
 84172 | Abyss:2  | Found an ancient bone altar of Kikubaaqudgha.
 84289 | Abyss:3  | Reached skill level 27 in Earth Magic
 84306 | Abyss:3  | Found a corrupted altar of Lugonu.
 84455 | Abyss:3  | Found a corrupted altar of Lugonu.
 84521 | Abyss:3  | Paralysed by accursed screaming for 1 turns
 84721 | Abyss:3  | Got an abyssal rune of Zot
 84840 | Depths:3 | Escaped the Abyss
 85191 | Lair:1   | Learned a level 7 spell: Orb of Destruction
 85522 | Pan      | Entered Pandemonium
 85525 | Pan      | Noticed Jobbouz the pandemonium lord
 85818 | Pan      | Found an exit through the horrors of the Abyss.
 85823 | Pan      | Killed Jobbouz the pandemonium lord
 86087 | Pan      | Entered the realm of Gloorx Vloq.
 86112 | Pan      | Found an exit through the horrors of the Abyss.
 86124 | Pan      | Found a gateway to a ziggurat.
 86516 | Zig:1    | Entered Level 1 of a ziggurat
 86618 | Zig:2    | Entered Level 2 of a ziggurat
 86669 | Zig:3    | Entered Level 3 of a ziggurat
 86719 | Zig:4    | Entered Level 4 of a ziggurat
 86741 | Zig:4    | Paralysed by miscasting Deflect Missiles for 4 turns
 86860 | Zig:4    | Got a smoking lead ring
 86861 | Zig:4    | Identified the ring "Roskine" {Str+7 Dex+3} (You found it on level 4 of a ziggurat)
 86865 | Zig:5    | Entered Level 5 of a ziggurat
 86910 | Zig:6    | Entered Level 6 of a ziggurat
 86996 | Zig:7    | Entered Level 7 of a ziggurat
 87163 | Zig:8    | Entered Level 8 of a ziggurat
 87197 | Zig:8    | Got a faintly glowing dire flail
 87198 | Zig:8    | Identified the cursed +1 dire flail of Ashenzari's Esteem {drain, rC+++ Int+6 Stlth-} (You found it on level 8 of a ziggurat)
 87332 | Zig:9    | Entered Level 9 of a ziggurat
 87529 | Zig:9    | Got a smoking glass ring
 87530 | Zig:9    | Identified the ring "Ushimmei" {Dex+2 SInv} (You found it on level 9 of a ziggurat)
 87534 | Zig:10   | Entered Level 10 of a ziggurat
 87606 | Zig:10   | Got a scorched plate armour
 87617 | Zig:10   | Identified the +4 plate armour "Uneaczaf" {rF+ rCorr Int+3 Slay+3} (You found it on level 10 of a ziggurat)
 87651 | Zig:11   | Entered Level 11 of a ziggurat
 87663 | Zig:11   | Noticed Gidwebbi the pandemonium lord
 87682 | Zig:11   | Killed Gidwebbi the pandemonium lord
 87918 | Zig:12   | Entered Level 12 of a ziggurat
 87969 | Zig:12   | Reached skill level 15 in Conjurations
 87988 | Zig:12   | Identified Ukiydif's Grimoire of Ashen Evil
 88017 | Zig:12   | Got an iridescent battleaxe
 88018 | Zig:12   | Identified the +9 battleaxe of Moezec {chop, rF+ Stlth+} (You found it on level 12 of a ziggurat)
 88077 | Zig:13   | Entered Level 13 of a ziggurat
 88306 | Zig:13   | Got a smoking granite ring
 88307 | Zig:13   | Identified the ring of Ariguutuo {rElec rF+ rC+ MR+ Stlth+} (You found it on level 13 of a ziggurat)
 88320 | Zig:14   | Entered Level 14 of a ziggurat
 88330 | Zig:14   | Noticed Ysmaga the pandemonium lord
 88330 | Zig:14   | Noticed Quixykud the pandemonium lord
 88330 | Zig:14   | Noticed Vufaafoh the pandemonium lord
 88330 | Zig:14   | Noticed Noejuc the pandemonium lord
 88332 | Zig:14   | Noticed Gupnuc the pandemonium lord
 88333 | Zig:14   | Noticed Dufrai the pandemonium lord
 88336 | Zig:14   | Killed Ysmaga the pandemonium lord
 88338 | Zig:14   | Killed Quixykud the pandemonium lord
 88341 | Zig:14   | Killed Noejuc the pandemonium lord
 88341 | Zig:14   | Killed Vufaafoh the pandemonium lord
 88345 | Zig:14   | Killed Gupnuc the pandemonium lord
 88347 | Zig:14   | Killed Dufrai the pandemonium lord
 88348 | Zig:14   | Gained mutation: You tend to lose your temper in combat. [mutagenic glow]
 88528 | Zig:15   | Entered Level 15 of a ziggurat
 88728 | Zig:15   | Identified the Compendium of the Creative Snowflakes
 88782 | Zig:15   | Got an ancient marble ring
 88784 | Zig:15   | Identified the ring "Unaigah" {SustAb MP+9 Int+4} (You found it on level 15 of a ziggurat)
 88818 | Zig:16   | Entered Level 16 of a ziggurat
 88905 | Zig:16   | Got a scintillating platinum ring
 88906 | Zig:16   | Identified the ring "Quitwimi" {rPois Dex+2} (You found it on level 16 of a ziggurat)
 89013 | Zig:17   | Entered Level 17 of a ziggurat
 89120 | Zig:17   | Identified the Reference Book on Calling (You found it on level 17 of a ziggurat)
 89203 | Zig:18   | Entered Level 18 of a ziggurat
 89374 | Zig:18   | Identified a +5 rod of ignition (14/14) (You found it on level 18 of a ziggurat)
 89378 | Zig:18   | Identified Sif Muna's Volume of Augmentations and Weightlessness
 89407 | Zig:18   | Identified the Disquisition on Shape Shifting and Sinister Arts
 89410 | Zig:18   | Got a scintillating wooden ring
 89411 | Zig:18   | Identified the ring of Wiuskon {MR+ SInv Stlth+} (You found it on level 18 of a ziggurat)
 89418 | Zig:18   | Got a smoking great mace
 89419 | Zig:18   | Identified the +2 great mace "Liuruo Bimn" {freeze, rC++} (You found it on level 18 of a ziggurat)
 89427 | Zig:18   | Got a twisted falchion
 89428 | Zig:18   | Identified the +7 falchion of the Toadstool {freeze, rC- Dex+7} (You found it on level 18 of a ziggurat)
 89444 | Zig:19   | Entered Level 19 of a ziggurat
 89512 | Zig:19   | Got a pair of twisted boots
 89523 | Zig:19   | Identified the +2 pair of boots "Dajaj" {Int+4} (You found it on level 19 of a ziggurat)
 89553 | Zig:19   | Got a scorched platinum ring
 89554 | Zig:19   | Identified the ring of the Many Souls {+Fly Slay+3} (You found it on level 19 of a ziggurat)
 89557 | Zig:19   | Got an ancient jade ring
 89558 | Zig:19   | Identified the ring "Ruku Jaylun" {+/*Tele +Blink rC+++ Dex+3 Stlth-} (You found it on level 19 of a ziggurat)
 89568 | Zig:19   | Got a pair of smoking boots
 89579 | Zig:19   | Identified the +2 pair of boots "Tynaonan" {Int+2} (You found it on level 19 of a ziggurat)
 89592 | Zig:19   | Got a scintillating silver ring
 89593 | Zig:19   | Identified the ring "Ilaredu" {rElec rN+ MP+9 Int+3 Dex+4} (You found it on level 19 of a ziggurat)
 89619 | Zig:20   | Entered Level 20 of a ziggurat
 89855 | Zig:21   | Entered Level 21 of a ziggurat
 90052 | Zig:21   | Identified the Almanac of Transmutation
 90069 | Zig:21   | Identified the Guide on Lucky Beguiling
 90079 | Zig:21   | Identified Zuunlisk's Incunabulum of the Volcanoes (You found it on level 21 of a ziggurat)
 90094 | Zig:21   | Got a scintillating gossamer ring
 90095 | Zig:21   | Identified the ring "Kinn" {rPois Int+2 Dex+4 Stlth+} (You found it on level 21 of a ziggurat)
 90101 | Zig:22   | Entered Level 22 of a ziggurat
 90159 | Zig:22   | Identified Zaleut's Catalogue of Augmentations
 90179 | Zig:22   | Got a scorched diamond amulet
 90180 | Zig:22   | Identified the amulet "Wungia" {Faith rN++ MP-9 Dex+6} (You found it on level 22 of a ziggurat)
 90215 | Zig:22   | Learned a level 5 spell: Phase Shift
 90333 | Pan      | Noticed Lom Lobon
 90814 | Pan      | Noticed Gloorx Vloq
 90902 | Pan      | Killed Gloorx Vloq
 90902 | Pan      | Reached skill level 5 in Evocations
 91045 | Pan      | Got a dark rune of Zot
 91880 | Pan      | Noticed Lom Lobon
 91893 | Pan      | Killed Lom Lobon
 92293 | Pan      | Noticed Nipuhetz the pandemonium lord
 92298 | Pan      | Killed Nipuhetz the pandemonium lord
 92518 | Pan      | Found an exit through the horrors of the Abyss.
 92710 | Pan      | Entered the realm of Cerebov.
 92733 | Pan      | Found an exit through the horrors of the Abyss.
 92965 | Pan      | Noticed Cerebov
 93019 | Pan      | Killed Cerebov
 93203 | Pan      | Got a fiery rune of Zot
 93245 | Pan      | Identified the Reference Book on Conjuration and the Oath (You found it in Pandemonium)
 93289 | Pan      | Gained mutation: You have supernaturally acute eyesight. [potion of beneficial mutation]
 93353 | Pan      | Got a glittering iron ring
 93354 | Pan      | Identified the ring of Secrets {+Blink rF+ MR+ EV+4 Dex+4} (You found it in Pandemonium)
 93362 | Pan      | Got a bound brass ring
 93363 | Pan      | Identified the ring "Veun" {rC+ MP+9 Dex+3} (You found it in Pandemonium)
 93465 | Depths:3 | Escaped Pandemonium
 93632 | D:14     | Lost mutation: You are agile. (Dex +2) [evolution]
 94872 | Hell     | Noticed Murray
 95182 | Hell     | Found a gateway to the decaying netherworld of Tartarus.
 95230 | Hell     | Killed Murray
 95230 | Hell     | Reached skill level 10 in Evocations
 95267 | Hell     | Found a gateway to the freezing wastes of Cocytus.
 95386 | Hell     | Found a gateway to the Iron City of Dis.
 95522 | Hell     | Found a gateway to the ashen valley of Gehenna.
 95562 | Dis:1    | Entered Level 1 of the Iron City of Dis
 98366 | Dis:7    | Entered Level 7 of the Iron City of Dis
 99452 | Dis:7    | Noticed Dispater
 99478 | Dis:7    | Killed Dispater
 99609 | Dis:7    | Got an iron rune of Zot
100030 | Tar:1    | Entered Level 1 of Tartarus
100121 | Tar:1    | Reached skill level 15 in Evocations
100989 | Tar:7    | Entered Level 7 of Tartarus
101256 | Tar:7    | Identified the Reference Book on Mutagenic Augmentations
101261 | Tar:7    | Learned a level 3 spell: Regeneration
101264 | Tar:7    | Got a clouded copper ring
101265 | Tar:7    | Identified the ring "Nynt" {Fire +Blink rPois Dex-3 SInv} (You found it on level 7 of Tartarus)
101268 | Tar:7    | Got a bound lead ring
101269 | Tar:7    | Identified the ring "Elitaciyrgh" {rF+ Str+3 SInv} (You found it on level 7 of Tartarus)
101398 | Tar:7    | Reached skill level 27 in Spellcasting
101438 | Tar:7    | Got a steaming emerald amulet
101440 | Tar:7    | Identified the amulet "Geosko Mian" {Clar +Fly MR+} (You took it off a skeletal warrior on level 7 of Tartarus)
101518 | Tar:7    | Noticed Ereshkigal
102029 | Tar:7    | Killed Ereshkigal
102084 | Tar:7    | Identified the Compendium of Unstable Enchantment
102090 | Tar:7    | Got a bone rune of Zot
102265 | Geh:1    | Entered Level 1 of Gehenna
102424 | Geh:1    | Reached skill level 27 in Armour
102926 | Geh:4    | Lost mutation: Your spells are harder to cast, but more powerful. [mutagenic glow]
103719 | Geh:7    | Entered Level 7 of Gehenna
103828 | Geh:7    | Noticed Asmodeus
104145 | Geh:7    | Killed from afar by a Brimstone Fiend

Action                   |  1- 3 |  4- 6 |  7- 9 | 10-12 | 13-15 | 16-18 | 19-21 | 22-24 | 25-27 || total
-------------------------+-------+-------+-------+-------+-------+-------+-------+-------+-------++-------
Melee: Unarmed           |    10 |       |       |       |       |       |       |       |     6 ||    16
       Dagger            |    61 |       |       |       |       |       |       |       |       ||    61
       Flail             |    30 |   141 |   215 |   106 |       |       |    86 |       |       ||   578
       Morningstar       |       |       |   105 |       |       |       |       |       |    23 ||   128
       Demon whip        |       |       |       |   328 |  1277 |  2251 |  1715 |  1898 |  8415 || 15884
       Whip              |       |       |       |     7 |       |       |       |       |       ||     7
       Staff             |       |       |       |       |       |       |       |       |     8 ||     8
Throw: Stone             |       |       |       |     1 |       |       |       |       |     1 ||     2
 Cast: Sandblast         |    24 |    32 |   122 |    80 |    52 |     2 |     7 |     1 |    13 ||   333
       Stone Arrow       |       |     2 |    29 |   125 |   136 |    54 |    39 |     3 |    62 ||   450
       Lee's Rapid Decon |       |       |       |    25 |    83 |    33 |   111 |   103 |   490 ||   845
       Petrify           |       |       |       |     5 |    14 |    15 |    21 |    14 |    33 ||   102
       Stoneskin         |       |       |       |     9 |    31 |    19 |    18 |     4 |    43 ||   124
       Passwall          |       |       |       |     2 |    10 |     1 |    15 |       |    25 ||    53
       Iron Shot         |       |       |       |       |    20 |    31 |    37 |    64 |   749 ||   901
       Repel Missiles    |       |       |       |       |     3 |     4 |     9 |     8 |     6 ||    30
       Blink             |       |       |       |       |       |       |     1 |     5 |    92 ||    98
       Apportation       |       |       |       |       |       |       |       |       |    15 ||    15
       Passage of Golubr |       |       |       |       |       |       |       |       |     2 ||     2
       Shatter           |       |       |       |       |       |       |       |       |    69 ||    69
       Orb of Destructio |       |       |       |       |       |       |       |       |    26 ||    26
       Regeneration      |       |       |       |       |       |       |       |       |    16 ||    16
       Deflect Missiles  |       |       |       |       |       |       |       |       |     9 ||     9
       Phase Shift       |       |       |       |       |       |       |       |       |     3 ||     3
Invok: Temporal Distorti |       |       |       |     1 |     2 |     6 |     4 |     2 |    12 ||    27
       Bend Time         |       |       |       |       |     7 |     4 |     8 |     2 |     6 ||    27
       Slouch            |       |       |       |       |     6 |    16 |    10 |     8 |    17 ||    57
       Step From Time    |       |       |       |       |       |     2 |       |       |     4 ||     6
 Abil: Fly               |       |       |       |       |     1 |     5 |       |     2 |     5 ||    13
       Stop Flying       |       |       |       |       |     1 |     1 |       |     2 |     3 ||     7
Evoke: Wand              |       |       |       |       |       |       |       |       |    10 ||    10
       Staff of energy   |       |       |       |       |       |       |       |       |   295 ||   295
  Use: Scroll            |     5 |       |     8 |     8 |    10 |    16 |     6 |     6 |   110 ||   169
       Potion            |       |       |     7 |     3 |     1 |     1 |     3 |     1 |    35 ||    51
 Stab: Sleeping          |     2 |       |     1 |       |     1 |     6 |       |       |       ||    10
       Invisible         |       |       |     1 |       |       |       |       |       |    63 ||    64
       Petrified         |       |       |       |     1 |     2 |       |     1 |     1 |     6 ||    11
       Distracted        |       |       |       |       |     1 |     3 |       |       |     3 ||     7
       Petrifying        |       |       |       |       |     1 |     2 |     3 |       |       ||     6
       Confused          |       |       |       |       |       |       |       |       |     5 ||     5
  Eat: Chunk             |     3 |     5 |     6 |     8 |    12 |     7 |     6 |     5 |     4 ||    56
       Meat ration       |       |       |     2 |     2 |     1 |     3 |     3 |     2 |     6 ||    19
       Pizza             |       |       |     2 |     1 |     2 |     3 |       |     4 |     1 ||    13
       Beef jerky        |       |       |       |       |     2 |     2 |       |     1 |     6 ||    11
       Fruit             |       |       |       |       |     3 |     7 |       |     2 |    17 ||    29
       Royal jelly       |       |       |       |       |     2 |       |     2 |     1 |    11 ||    16
       Bread ration      |       |       |       |       |       |       |       |       |     8 ||     8
